SAA
CASPER GHOSTS @ LANCASTER FARMERS
09/17/2042
 
TOP OF THE 1ST
Casper Ghosts batting - Pitching for Lancaster Farmers : RHP Tony De Jesús
Pitching: RHP Tony De Jesús
Batting: RHB Joe Havermeyer 0-0: Called Strike
0-1: Ball
1-1: Ball
2-1: DOUBLE (Line Drive, 7LS, EV 93.8 MPH)
Batting: RHB Thom Scribbner 0-0: Fly out, F3 (Popup, 3SF, EV 78.1 MPH)
Batting: RHB Izaak Gerkis 0-0: Ball
1-0: SINGLE (Line Drive, 34D, EV 106.2 MPH)
Joe Havermeyer to third
Runner from 3rd tries for Home, SAFE, no throw by RF
Batting: RHB Ramiro Castillo 0-0: Called Strike
0-1: Ball
1-1: Ball
2-1: Ball
3-1: Base on Balls
Izaak Gerkis to second
Batting: LHB Qi-zhen Shen 0-0: Ball
1-0: Ball
2-0: SINGLE (Groundball, 4D, EV 103.1 MPH)
Izaak Gerkis to third
Ramiro Castillo to second
Runner from 3rd tries for Home, SAFE, throw by CF to home
Batting: SHB Alan Campbell 0-0: Ball
1-0: Called Strike
1-1: Foul Ball, location: 2F
1-2: Ball
2-2: Strikes out swinging
Batting: RHB Thinley Tshering 0-0: Ball
1-0: Foul Ball, location: 2F
1-1: Fielders Choice at 2nd, 6-4 (Groundball, 6, EV 81.2 MPH)
Top of the 1st over - 2 runs, 3 hits, 0 errors, 2 left on base; Casper 2 - Lancaster 0
BOTTOM OF THE 1ST
Lancaster Farmers batting - Pitching for Casper Ghosts : LHP Bryan Workman
Pitching: LHP Bryan Workman
Batting: RHB Raúl Bravo 0-0: Bunted foul
0-1: Foul Ball, location: 2F
0-2: Strikes out looking
Batting: LHB Conrad Overdevest 0-0: Called Strike
0-1: Ball
1-1: Ground out 4-3 (Groundball, 4, EV 90.6 MPH)
Batting: RHB Archie Pittman 0-0: Ball
1-0: Called Strike
1-1: Ball
2-1: Foul Ball, location: 2F
2-2: Ball
3-2: Foul Ball, location: 2F
3-2: Fly out, F7 (Flyball, 7, EV 87.5 MPH)
Bottom of the 1st over - 0 runs, 0 hits, 0 errors, 0 left on base; Casper 2 - Lancaster 0
TOP OF THE 2ND
Casper Ghosts batting - Pitching for Lancaster Farmers : RHP Tony De Jesús
Batting: RHB Tony Wood 0-0: Ball
1-0: Foul Ball, location: 2F
1-1: Ball
2-1: Ball
3-1: Ground out 6-3 (Groundball, 56, EV 81.2 MPH)
Batting: RHB Teok-kyu Pak 0-0: Ball
1-0: Ball
2-0: Called Strike
2-1: Hit by Pitch
Batting: RHB Joe Havermeyer 0-0: Grounds into double play, 4-6-3 (Groundball, 4, EV 108.1 MPH)
Top of the 2nd over - 0 runs, 0 hits, 0 errors, 0 left on base; Casper 2 - Lancaster 0
BOTTOM OF THE 2ND
Lancaster Farmers batting - Pitching for Casper Ghosts : LHP Bryan Workman
Batting: RHB Thurman Williams 0-0: Ball
1-0: Ground out 6-3 (Groundball, 6, EV 99.4 MPH)
Batting: LHB Robert Shannon 0-0: Swinging Strike
0-1: Ball
1-1: Ball
2-1: Ball
3-1: Fly out, F9 (Flyball, 9S, EV 87.5 MPH)
Batting: RHB Gonzalo Perales 0-0: Called Strike
0-1: Ground out 6-3 (Groundball, 6, EV 79.4 MPH)
Bottom of the 2nd over - 0 runs, 0 hits, 0 errors, 0 left on base; Casper 2 - Lancaster 0
TOP OF THE 3RD
Casper Ghosts batting - Pitching for Lancaster Farmers : RHP Tony De Jesús
Batting: RHB Thom Scribbner 0-0: Ball
1-0: SINGLE (Line Drive, 9LM, EV 98.8 MPH)
Batting: RHB Izaak Gerkis 0-0: Ball
1-0: Fly out, F7 (Flyball, 7D, EV 92.5 MPH)
Runner from 1st tags up, SAFE at 2nd
Batting: RHB Ramiro Castillo 0-0: Foul Ball, location: 2F
0-1: Ball
1-1: Fly out, F4 (Popup, 34D, EV 46.2 MPH)
Batting: LHB Qi-zhen Shen 0-0: Fly out, F8 (Flyball, 78D, EV 108.8 MPH)
Top of the 3rd over - 0 runs, 1 hit, 0 errors, 1 left on base; Casper 2 - Lancaster 0
BOTTOM OF THE 3RD
Lancaster Farmers batting - Pitching for Casper Ghosts : LHP Bryan Workman
Batting: RHB Barton Ryan 0-0: Ball
1-0: Called Strike
1-1: Ball
2-1: Ball
3-1: Bunt missed!
3-2: Foul Ball, location: 2F
3-2: Base on Balls
Batting: RHB António Andrés 0-0: Ball
1-0: Fielders Choice at 2nd, 1-4 (Groundball, 25, EV 64.4 MPH)
Batting: RHB Nick O'Quigley 0-0: Ball
1-0: Called Strike
1-1: Fly out, F8 (Flyball, 8RS, EV 89.4 MPH)
Batting: RHB Raúl Bravo 0-0: Ball
1-0: Ground out 5-3 (Groundball, 56S, EV 63.8 MPH)
Bottom of the 3rd over - 0 runs, 0 hits, 0 errors, 1 left on base; Casper 2 - Lancaster 0
TOP OF THE 4TH
Casper Ghosts batting - Pitching for Lancaster Farmers : RHP Tony De Jesús
Batting: SHB Alan Campbell 0-0: Ball
1-0: Ball
2-0: Called Strike
2-1: Fly out, F8 (Flyball, 8LD, EV 101.2 MPH)
Batting: RHB Thinley Tshering 0-0: Ball
1-0: SINGLE (Line Drive, 6M, EV 105.6 MPH)
Batting: RHB Tony Wood 0-0: Ball
1-0: Swinging Strike
Pickoff Throw to First - Error! E1
Thinley Tshering to second
1-1: Ball
2-1: Foul Ball, location: 2F
2-2: Foul Ball, location: 2F
2-2: Fly out, F9 (Line Drive, 9, EV 93.1 MPH)
Batting: RHB Teok-kyu Pak 0-0: Swinging Strike
0-1: Foul Ball, location: 2F
0-2: Ball
1-2: Ball
2-2: Fly out, F8 (Flyball, 8RM, EV 87.5 MPH)
Top of the 4th over - 0 runs, 1 hit, 1 error, 1 left on base; Casper 2 - Lancaster 0
BOTTOM OF THE 4TH
Lancaster Farmers batting - Pitching for Casper Ghosts : LHP Bryan Workman
Batting: LHB Conrad Overdevest 0-0: Fly out, F8 (Flyball, 8LM, EV 90.6 MPH)
Batting: RHB Archie Pittman 0-0: Foul Ball, location: 2F
0-1: Called Strike
0-2: Fly out, F7 (Line Drive, 7, EV 108.1 MPH)
Batting: RHB Thurman Williams 0-0: Ball
1-0: Ball
2-0: Foul Ball, location: 2F
2-1: Foul Ball, location: 2F
2-2: Ball
3-2: Base on Balls
Batting: LHB Robert Shannon 0-0: Called Strike
0-1: Foul Ball, location: 2F
0-2: Ball
1-2: Ground out 4-3 (Groundball, 4, EV 83.1 MPH)
Bottom of the 4th over - 0 runs, 0 hits, 0 errors, 1 left on base; Casper 2 - Lancaster 0
TOP OF THE 5TH
Casper Ghosts batting - Pitching for Lancaster Farmers : RHP Tony De Jesús
Batting: RHB Joe Havermeyer 0-0: Ball
1-0: Ball
2-0: Called Strike
2-1: Foul Ball, location: 2F
2-2: DOUBLE (Groundball, 5L, EV 108.1 MPH)
Batting: RHB Thom Scribbner 0-0: Ball
1-0: Ball
2-0: Called Strike
2-1: Bunt missed!
2-2: SINGLE (Flyball, 89S, EV 96.2 MPH)
Joe Havermeyer to third
Batting: RHB Izaak Gerkis 0-0: Grounds into double play, 5-4-3 (Groundball, 5, EV 88.8 MPH)
Joe Havermeyer scores
Batting: RHB Ramiro Castillo 0-0: Called Strike
0-1: Ball
1-1: Ground out 1-3 (Groundball, 34S, EV 85.0 MPH)
Top of the 5th over - 1 run, 2 hits, 0 errors, 0 left on base; Casper 3 - Lancaster 0
BOTTOM OF THE 5TH
Lancaster Farmers batting - Pitching for Casper Ghosts : LHP Bryan Workman
Batting: RHB Gonzalo Perales 0-0: Called Strike
0-1: Ball
1-1: Foul Ball, location: 2F
1-2: Fly out, F7 (Line Drive, 7, EV 91.9 MPH)
Batting: RHB Barton Ryan 0-0: Ball
1-0: Called Strike
1-1: Ball
2-1: Called Strike
2-2: Strikes out swinging
Batting: RHB António Andrés 0-0: Ball
1-0: Called Strike
1-1: Called Strike
1-2: Foul Ball, location: 2F
1-2: Foul Ball, location: 2F
1-2: Strikes out swinging
Bottom of the 5th over - 0 runs, 0 hits, 0 errors, 0 left on base; Casper 3 - Lancaster 0
TOP OF THE 6TH
Casper Ghosts batting - Pitching for Lancaster Farmers : RHP Tony De Jesús
Pitching: LHP Virgil Cook
Batting: LHB Qi-zhen Shen 0-0: Swinging Strike
0-1: Ball
1-1: SINGLE (Flyball, 7S, EV 90.6 MPH)
Batting: SHB Alan Campbell 0-0: Ball
1-0: Swinging Strike
1-1: SINGLE (Groundball, 56D, EV 110.0 MPH)
Qi-zhen Shen to second
Batting: RHB Thinley Tshering 0-0: Bunted foul
0-1: Ball
1-1: Bunted foul
1-2: Fly out, F6 (Line Drive, 6, EV 65.0 MPH)
Batting: RHB Tony Wood 0-0: Called Strike
0-1: Foul Ball, location: 2F
0-2: Fly out, F8 (Line Drive, 8RD, EV 91.2 MPH)
Batting: RHB Teok-kyu Pak 0-0: Ball
1-0: Ball
2-0: Called Strike
2-1: Ball
3-1: Called Strike
3-2: Foul Ball, location: 2F
3-2: Strikes out looking
Top of the 6th over - 0 runs, 2 hits, 0 errors, 2 left on base; Casper 3 - Lancaster 0
BOTTOM OF THE 6TH
Lancaster Farmers batting - Pitching for Casper Ghosts : LHP Bryan Workman
Batting: RHB Nick O'Quigley 0-0: Ball
1-0: SOLO HOME RUN (Flyball, 8RXD, EV 109.4 MPH), Distance : 461 ft
Batting: RHB Raúl Bravo 0-0: Called Strike
0-1: Ball
1-1: Swinging Strike
1-2: Strikes out swinging
Batting: LHB Conrad Overdevest 0-0: Fly out, F7 (Flyball, 7LSF, EV 80.6 MPH)
Batting: RHB Archie Pittman 0-0: Foul Ball, location: 2F
0-1: SINGLE (Line Drive, 9S, EV 84.4 MPH)
Batting: RHB Thurman Williams 0-0: Called Strike
0-1: Called Strike
0-2: Ball
1-2: Fly out, F7 (Line Drive, 7, EV 90.6 MPH)
Bottom of the 6th over - 1 run, 2 hits, 0 errors, 1 left on base; Casper 3 - Lancaster 1
TOP OF THE 7TH
Casper Ghosts batting - Pitching for Lancaster Farmers : LHP Virgil Cook
Batting: RHB Joe Havermeyer 0-0: Called Strike
0-1: Ground out 5-3 (Groundball, 56, EV 83.8 MPH)
Batting: RHB Thom Scribbner 0-0: Swinging Strike
0-1: Ground out 5-3 (Groundball, 56, EV 85.0 MPH)
Batting: RHB Izaak Gerkis 0-0: Ball
1-0: Swinging Strike
1-1: Fly out, F9 (Flyball, 89M, EV 86.9 MPH)
Top of the 7th over - 0 runs, 0 hits, 0 errors, 0 left on base; Casper 3 - Lancaster 1
BOTTOM OF THE 7TH
Lancaster Farmers batting - Pitching for Casper Ghosts : LHP Bryan Workman
Pitching: RHP Lucas Gameiro
Batting: LHB Robert Shannon 0-0: Fly out, F7 (Flyball, 7D, EV 96.9 MPH)
Batting: RHB Gonzalo Perales 0-0: Called Strike
0-1: Ball
1-1: Ball
2-1: SINGLE (Line Drive, 3D, EV 98.1 MPH)
Batting: RHB Barton Ryan 0-0: Called Strike
0-1: Ball
1-1: Reached on error, E6 (Groundball, 6S, EV 87.5 MPH)
Gonzalo Perales to second
Batting: RHB António Andrés 0-0: Ball
1-0: Ball
2-0: Ball
Balk!
Gonzalo Perales to third
Barton Ryan to second
3-0: Called Strike
3-1: Base on Balls
Pinch Hitting: LHB Eugene Walker 0-0: Ball
1-0: Called Strike
1-1: Foul Ball, location: 2F
1-2: Foul Ball, location: 2F
1-2: Strikes out swinging
Batting: RHB Raúl Bravo 0-0: Fly out, F7 (Flyball, 7, EV 88.8 MPH)
Bottom of the 7th over - 0 runs, 1 hit, 1 error, 3 left on base; Casper 3 - Lancaster 1
TOP OF THE 8TH
Casper Ghosts batting - Pitching for Lancaster Farmers : LHP Virgil Cook
Now in LF: Raúl Miranda
Batting: RHB Ramiro Castillo 0-0: Swinging Strike
0-1: Fly out, F8 (Flyball, 8RD, EV 93.1 MPH)
Batting: LHB Qi-zhen Shen 0-0: Ball
1-0: Ball
2-0: Ball
3-0: Base on Balls
Pitching: RHP Tim Smith
Batting: SHB Alan Campbell 0-0: Grounds into double play, 4-6-3 (Groundball, 4, EV 102.5 MPH)
Top of the 8th over - 0 runs, 0 hits, 0 errors, 0 left on base; Casper 3 - Lancaster 1
BOTTOM OF THE 8TH
Lancaster Farmers batting - Pitching for Casper Ghosts : RHP Lucas Gameiro
Now at 1B: Hjalmar Bisseling
Batting: LHB Conrad Overdevest 0-0: Ball
1-0: Called Strike
1-1: Ground out 5-3 (Groundball, 6, EV 85.6 MPH)
Batting: RHB Archie Pittman 0-0: Ball
1-0: Ball
2-0: DOUBLE (Line Drive, 9LD, EV 106.9 MPH)
Batting: RHB Thurman Williams 0-0: Ball
1-0: Fly out, F8 (Flyball, 8LM, EV 77.5 MPH)
Batting: LHB Robert Shannon 0-0: Swinging Strike
0-1: Called Strike
0-2: Foul Ball, location: 2F
0-2: Ball
1-2: Ball
2-2: Foul Ball, location: 2F
2-2: SINGLE (Line Drive, 89M, EV 96.9 MPH)
Archie Pittman to third
Runner from 3rd tries for Home, SAFE, throw by CF to home
Pitching: RHP Darrell Bannatyne
Pinch Hitting: LHB Alex Joly 0-0: Called Strike
0-1: Ball
1-1: Ball
2-1: DOUBLE (Line Drive, 5D, EV 95.6 MPH)
Robert Shannon to third
Batting: RHB Barton Ryan 0-0: Ball
1-0: Called Strike
1-1: Ball
2-1: Ground out 6-3 (Groundball, 6, EV 87.5 MPH)
Bottom of the 8th over - 1 run, 3 hits, 0 errors, 2 left on base; Casper 3 - Lancaster 2
TOP OF THE 9TH
Casper Ghosts batting - Pitching for Lancaster Farmers : RHP Tim Smith
Pitching: LHP Bruce Reeves
Now at 3B: Alex Joly
Batting: RHB Thinley Tshering 0-0: Ball
1-0: Ball
2-0: Ball
3-0: Base on Balls
Batting: RHB Tony Wood 0-0: Bunted foul
0-1: Bunted foul
0-2: Ball
1-2: Foul Ball, location: 2F
1-2: Fielders Choice at 2nd, 6-4 (Groundball, 6, EV 79.4 MPH)
Batting: RHB Teok-kyu Pak 0-0: Foul Ball, location: 2F
0-1: Called Strike
0-2: Foul Ball, location: 2F
0-2: Foul Ball, location: 2F
0-2: Fly out, F7 (Flyball, 7D, EV 81.9 MPH)
Batting: RHB Joe Havermeyer 0-0: Fielders Choice at 2nd, 6-4 (Groundball, 6, EV 105.6 MPH)
Top of the 9th over - 0 runs, 0 hits, 0 errors, 1 left on base; Casper 3 - Lancaster 2
BOTTOM OF THE 9TH
Lancaster Farmers batting - Pitching for Casper Ghosts : RHP Darrell Bannatyne
Pitching: RHP Ernest Wheeler
Batting: RHB António Andrés 0-0: Foul Ball, location: 2F
0-1: Fly out, F9 (Flyball, 9S, EV 93.8 MPH)
Batting: SHB Raúl Miranda 0-0: Fly out, F7 (Flyball, 7LS, EV 98.1 MPH)
Batting: RHB Raúl Bravo 0-0: Ball
1-0: SINGLE (Groundball, P, EV 66.9 MPH) (infield hit)
Batting: LHB Conrad Overdevest 0-0: Called Strike
Raúl Bravo is caught stealing 2nd base 2-6
Bottom of the 9th over - 0 runs, 1 hit, 0 errors, 0 left on base; Casper 3 - Lancaster 2
Friday, March 26th, 2021 - OOTP Baseball 20.8 Build 74